 Dungeon Crawl Stone Soup version 0.26-a0-540-g8a0c9464d7 (webtiles) character file.

Game seed: 5511477159709417902

95726 raph the Covert (level 16, -7/125 HPs)
             Began as a Merfolk Ice Elementalist on Aug 23, 2020.
             Was the Champion of Ashenzari.
             Mangled by a shambling mangrove (10 damage)
             ... on level 4 of the Swamp on Aug 25, 2020.
             The game lasted 01:41:46 (34194 turns).

raph the Covert (Merfolk Ice Elementalist)         Turns: 34194, Time: 01:41:46

Health: -7/125     AC: 12    Str: 18    XL:     16   Next: 15%
Magic:  26/29      EV: 21    Int: 18    God:    Ashenzari [******]
Gold:   1204       SH:  9    Dex: 21    Spells: 2/34 levels left

rFire    . . .     SeeInvis +   t - +11 trident "Aluosul" {chaos, rElec} (curse)
rCold    . . .     Faith    .   B - +2 buckler (curse)
rNeg     . . .     Spirit   .   L - +1 robe "Optoh" {rPois Str+4} (curse)
rPois    +         Reflect  .   p - +1 helmet
rElec    +         Harm     .   S - +1 cloak
rCorr    .         Clarity  +   V - +2 pair of gloves {Str+3} (curse)
MR       +....                  W - +1 pair of boots
Stlth    +++++++...             e - amulet of magic regeneration (curse)
HPRegen  0.30/turn              u - +6 ring of dexterity (curse)
MPRegen  0.46/turn              s - ring of stealth (curse)

@: about to teleport, grasped by roots, constricted
A: change form in water, swift swim, stealthy swim
a: Curse Item, Scrying, Transfer Knowledge, Renounce Religion


You were on level 4 of the Swamp.
You worshipped Ashenzari.
Ashenzari was exalted by your worship.
You visited 4 branches of the dungeon, and saw 26 of its levels.
You also visited: Sewer.

You collected 2782 gold pieces.
You spent 1578 gold pieces at shops.

Inventory:

Hand Weapons
 q - a +1 dagger of pain
 r - a +0 vorpal trident
 t - the cursed +11 trident "Aluosul" (weapon) {chaos, rElec}
   (You bought it in a shop on level 5 of the Dungeon)

   Each time it hits an enemy it has a different, random effect.
   It insulates you from electricity.
   It has a curse placed upon it.
 E - a +2 trident of freezing
Missiles
 m - 137 poisoned darts (quivered)
 n - 8 silver javelins
 R - 10 curare-tipped darts
Armour
 p - a +1 helmet (worn)
 B - a cursed +2 buckler (worn)
 L - the cursed +1 robe "Optoh" (worn) {rPois Str+4}
   (You bought it in a shop on level 11 of the Dungeon)

   It affects your strength (+4).
   It protects you from poison.
   It has a curse placed upon it.
 S - a +1 cloak (worn)
 V - a cursed +2 pair of gloves of strength (worn)
 W - a +1 pair of boots (worn)
Jewellery
 e - a cursed amulet of magic regeneration (around neck)
 i - the ring "Saatol" {rPois rCorr Int+4}
   (You found it on level 15 of the Dungeon)

   [ring of resist corrosion]

   It affects your intelligence (+4).
   It protects you from poison.
   It provides partial protection from all sources of acid and corrosion.
 l - an uncursed ring of see invisible
 s - a cursed ring of stealth (right hand)
 u - a cursed +6 ring of dexterity (left hand)
 y - a +4 ring of evasion
 T - an uncursed ring of wizardry
Wands
 v - a wand of disintegration (9)
 D - a wand of polymorph (15)
 H - a wand of iceblast (16)
 I - a wand of paralysis (17)
 J - a wand of acid (16)
 N - a wand of digging (15)
 O - a wand of random effects (33)
Scrolls
 a - 2 scrolls of summoning
 d - 15 scrolls of teleportation
 j - 6 scrolls of amnesia
 F - a scroll of enchant weapon
 K - 2 scrolls of fear
 M - 3 scrolls of magic mapping
 P - 4 scrolls of fog
 Q - 18 scrolls of identify
Potions
 b - 2 potions of magic
 c - a potion of brilliance
 g - a potion of invisibility
 h - 3 potions of heal wounds
 k - 10 potions of curing
 o - 2 potions of ambrosia
 w - 4 potions of might
 x - 8 potions of stabbing
 z - 7 potions of flight
 A - 3 potions of mutation
 G - 5 potions of lignification
 U - 3 potions of haste
Miscellaneous
 f - a tin of tremorstones (3/3)


   Skills:
 + Level 11.3 Fighting
 - Level 5.8 Short Blades
 + Level 13.1(17.2) Polearms
 - Level 7.8 Throwing
 + Level 12.8 Dodging
 + Level 13.1 Stealth
 - Level 5.5(8.6) Shields
 + Level 9.7 Spellcasting
 - Level 4.6(9.0) Conjurations
 - Level 4.2(8.5) Hexes
 - Level 5.1(9.5) Summonings
 + Level 7.5(12.0) Transmutations
 - Level 10.7(14.9) Ice Magic


You had 2 spell levels left.
You knew the following spells:

 Your Spells              Type           Power        Failure   Level
a - Stone Arrow           Conj/Erth      ####..       3%          3
b - Frozen Ramparts       Ice            ######       1%          3
c - Ozocubu's Armour      Ice            ######..     1%          3
d - Hailstorm             Conj/Ice       ######..     1%          4
e - Summon Ice Beast      Ice/Summ       ######..     1%          4
f - Metabolic Englaciati  Hex/Ice        ######....   1%          5
g - Yara's Violent Unrav  Hex/Tmut       #####.....   3%          5
h - Irradiate             Conj/Tmut      #####.....   3%          5

Your spell library contained the following spells:

 Spells                   Type           Power        Failure   Level
 Corona                   Hex            #####..      1%          1
 Foxfire                  Conj/Fire      ####         1%          1
 Freeze                   Ice            ####         1%          1
 Sting                    Tmut/Pois      ####         1%          1
 Summon Small Mammal      Summ           ####         1%          1
 Call Imp                 Summ           #####...     1%          2
 Ensorcelled Hibernation  Hex/Ice        ######       1%          2
 Slow                     Hex            #####...     1%          2
 Corpse Rot               Necr/Air       N/A          10%         2
 Poisonous Vapours        Pois/Air       ##....       10%         2
 Call Canine Familiar     Summ           #####...     1%          3
 Confusing Touch          Hex            #####...     1%          3
 Dazzling Flash           Conj/Hex       #####.       1%          3
 Summon Guardian Golem    Hex/Summ       #####...     1%          3
 Tukima's Dance           Hex            #####...     1%          3
 Cause Fear               Hex            #####.....   2%          4
 Inner Flame              Hex/Fire       ####....     3%          3
 Portal Projectile        Hex/Tloc       ####..       3%          3
 Ignite Poison            Fire/Tmut/Pois ###.....     4%          3
 Mephitic Cloud           Conj/Pois/Air  ###.....     6%          3
 Petrify                  Tmut/Erth      ####....     6%          4
 Hydra Form               Tmut           ######....   9%          6
 Summon Lightning Spire   Summ/Air       ####....     10%         4
 Iskenderun's Mystic Bla  Conj/Tloc      ####....     11%         4
 Leda's Liquefaction      Hex/Erth       ####......   12%         4
 Gell's Gravitas          Tloc           ##........   19%         3
 Summon Forest            Summ/Tloc      ####......   28%         5
 Olgreb's Toxic Radiance  Pois           ##......     52%         4
 Eringya's Noxious Bog    Tmut/Pois      ####......   67%         6
 Summon Hydra             Summ           #####.....   80%         7


Dungeon Overview and Level Annotations

Branches:
Dungeon (15/15)            Temple (0/1) D:6            Lair (5/6) D:10
  Swamp (4/4) Lair:3       Spider (0/4) Lair:4        Slime (0/5) Lair:5
    Orc (2/2) D:9             Elf (0/3) Orc:2        Vaults (0/5) D:13
 Depths (0/5) D:15          Sewer (visited)

Altars:
Ashenzari
Cheibriados
Dithmenos
Elyvilon
Gozag
Hepliaklqana
Kikubaaqudgha
Nemelex Xobeh
Ru
Trog
Uskayaw
Vehumet
Xom
Yredelemnul
Beogh

Shops:
D:5 (   D:11 [   D:13 *!=   D:15 ?   Orc:2 ([}(

Annotations:
Lair:3 exclusion: oklob plant
Lair:4 2 transporters, Quyjis's ghost, journeyman DDGl


Message History

The swamp worm fires a harpoon shot at you.
The harpoon shot misses you.
Your +1 pair of boots unmelds from your body.
The shambling mangrove is no longer moving slowly.
The cane toad misses you.
Roots burst forth from the earth!
The grasping roots grab you!
* * * LOW HITPOINT WARNING * * *
The grasping roots constrict you!
There is a stone staircase leading up here.
The roots' grasp on you weakens, but your attempt to escape fails.
The cane toad misses you.
* * * LOW HITPOINT WARNING * * *
The grasping roots constrict you!!
You feel much better. The cane toad completely misses you.
As you read the scroll of teleportation, it crumbles to dust.
You feel strangely unstable. The cane toad stings you!
* * * LOW HITPOINT WARNING * * *
The swamp worm bites you!
* * * LOW HITPOINT WARNING * * *
You die...

≈≈ , ≈ *
♣≈.≈≈♣.≈≈≈...♣*** ≈ ≈
, ** ♣...♣≈.^§≈≈≈..**
* ** ≈{ ♣≈§...≈.≈≈≈≈≈.
≈ ≈, *
♣....≈≈.≈≈≈≈/≈** ,, **
♣♣♣≈♣..♣≈≈≈≈≈♣* ** *≈≈
≈ ,* ♣≈..f...♣*≈ * ≈
**≈≈ ≈≈≈**
♣.≈≈≈..≈♣**** ,≈≈*
≈≈≈≈≈≈♣♣♣.§≈=..♣♣♣. *
,≈ **
≈.≈....@F≈...≈≈≈.. *♣♣
*
.♣≈.≈≈≈.w≈≈..≈..♣♣♣♣≈♣
≈** *
♣♣.≈≈≈.♣.≈..≈≈.≈♣≈..♣
,≈
♣.....≈♣♣♣♣≈≈≈♣♣..≈♣ ≈
♣♣...≈♣* *♣≈♣♣♣≈≈♣♣
≈≈**
♣♣♣...♣♣♣♣*♣♣.....♣ ,
*♣...?..♣♣♣≈≈≈..≈♣ ≈,
*≈)≈♣...♣♣.≈≈≈≈≈<♣ ,,
♣♣♣♣♣.§.≈.≈≈≈≈w.♣♣♣♣


You could see a shambling mangrove, a cane toad (fast, slow) and a swamp worm.

Vanquished Creatures
  3 thorn hunters
  Kirke (Swamp:1)
  Aizul (Swamp:1)
  An orc warlord (Orc:2)
  Snorg (D:13)
  A yaktaur captain (D:15)
  6 slime creatures
  An ogre mage (D:15)
  Harold (Lair:1)
  7 hydras
  A vault guard (D:13)
  7 alligators
  2 death knights
  2 centaur warriors (D:15)
  4 shambling mangroves
  5 two-headed ogres
  2 tengu warriors
  2 orc high priests (Orc:2)
  Nergalle (Lair:3)
  A skeletal warrior (D:13)
  An unseen horror (D:15)
  2 wizards
  A swamp dragon (Swamp:1)
  A phantasmal warrior (D:14)
  2 orc knights
  A necromancer (D:13)
  11 ugly things
  A mana viper (D:10)
  2 cyclopes
  A deep elf mage (D:15)
  2 orc sorcerers (Orc:2)
  2 black mambas (Lair:2)
  2 gargoyles (D:13)
  10 cane toads
  3 freezing wraiths
  A komodo dragon (shapeshifter) (D:11)
  A jumping spider (Lair:4)
  19 hornets
  9 tyrant leeches
  A meliai (shapeshifter) (D:13)
  5 trolls
  5 blink frogs
  6 hippogriffs
  3 bog bodies
  3 redbacks (Lair:4)
  Sigmund (D:5)
  4 wraiths
  A shadow (Swamp:2)
  A vampire (D:13)
  3 wyverns
  54 yaks
  7 spriggans
  5 basilisks
  21 humans (D:13)
  A golden eye (Swamp:1)
  Grum (D:10)
  A steam dragon (D:13)
  2 wargs
  16 vampire mosquitoes
  10 insubstantial wisps (Swamp:1)
  9 swamp worms
  10 water moccasins
  A soldier ant (D:11)
  8 porcupines
  2 swamp drakes
  39 orc warriors
  5 sky beasts
  3 black bears
  A hornet zombie (D:15)
  2 ice beasts
  11 ogres
  2 eyes of draining
  A necrophage (D:7)
  2 phantoms
  20 wolves
  13 centaurs
  8 crocodiles
  A big kobold (D:12)
  A wyvern zombie (D:8)
  16 bullfrogs
  3 scorpions
  A wyvern skeleton (D:8)
  3 killer bees (D:9)
  9 wights
  3 howler monkeys
  3 hounds
  A quasit (D:9)
  2 bullfrog zombies
  7 jellies
  16 orc priests
  3 bullfrog skeletons
  4 centaur skeletons
  6 iguanas
  27 orc wizards
  10 worker ants
  A hound skeleton (D:8)
  Robin (D:2)
  4 gnolls (D:5)
  15 adders
  2 white imps
  3 ufetubi
  10 oozes
  4 adder skeletons
  8 worms
  7 dart slugs
  6 leopard geckos
  96 orcs
  A ball python (Sewer)
  7 giant cockroaches
  13 goblins
  9 hobgoblins
  12 jackals
  14 kobolds
  6 quokkas
  15 bats
  9 frilled lizards
  2 jackal skeletons
  10 rats
  2 briar patches (Swamp:1)
  A fungus (Lair:4)
784 creatures vanquished.

Vanquished Creatures (collateral kills)
  2 two-headed ogres (D:14)
2 creatures vanquished.

Vanquished Creatures (others)
  A blink frog (Lair:4)
  A shadow (Swamp:1)
  A yak (D:11)
  4 humans (Swamp:1)
  A wight (D:7)
  2 orc wizards (Orc:1)
  An adder (D:8)
  2 briar patches (Swamp:1)
  3 fungi (Lair:4)
  A plant (Lair:4)
17 creatures vanquished.

Grand Total: 803 creatures vanquished

Notes
Turn   | Place    | Note
-------+----------+-------------------------------------------
     0 | D:1      | raph the Merfolk Ice Elementalist began the quest for the
                  | Orb.
     0 | D:1      | Reached XP level 1. HP: 13/13 MP: 3/3
   209 | D:1      | Reached XP level 2. HP: 19/19 MP: 3/5
   266 | D:1      | Reached skill level 5 in Ice Magic
   779 | D:1      | Found a shattered altar of Ashenzari.
   785 | D:1      | Became a worshipper of Ashenzari the Shackled
  1001 | D:2      | Reached XP level 3. HP: 24/24 MP: 4/6
  1227 | D:2      | Noticed Robin
  1384 | D:2      | Learned a level 3 spell: Frozen Ramparts
  1473 | D:2      | Found a sacrificial altar of Ru.
  1490 | D:2      | Killed Robin
  1490 | D:2      | Reached XP level 4. HP: 30/30 MP: 3/7
  1927 | D:2      | Learned a level 3 spell: Ozocubu's Armour
  2286 | D:3      | Found a basalt altar of Yredelemnul.
  2451 | D:3      | Found an opulent altar of Gozag.
  2578 | D:3      | Reached XP level 5. HP: 35/35 MP: 8/8
  2678 | D:3      | Found a glowing drain.
  2687 | Sewer    | Entered a sewer
  2840 | Sewer    | Reached skill level 1 in Short Blades
  2986 | Sewer    | Reached skill level 1 in Polearms
  3096 | Sewer    | Reached * piety under Ashenzari
  3234 | D:3      | Found a bloodstained altar of Trog.
  3240 | D:3      | Found a shimmering altar of Xom.
  3334 | D:3      | Found a radiant altar of Vehumet.
  3741 | D:4      | Reached XP level 6. HP: 24/41 MP: 6/9
  4205 | D:4      | Noticed a phantom
  4430 | D:5      | Entered Level 5 of the Dungeon
  4458 | D:5      | Found Gurch's Antique Weapon Shoppe.
  4508 | D:5      | Noticed a sky beast
  4527 | D:5      | Killed a sky beast
  4579 | D:5      | Reached XP level 7. HP: 12/46 MP: 5/11
  5311 | D:5      | Noticed Sigmund
  5323 | D:5      | Killed Sigmund
  5323 | D:5      | Reached XP level 8. HP: 38/52 MP: 4/12
  5572 | D:5      | Bought a warped trident for 263 gold pieces
  5572 | D:5      | Identified the +11 trident "Aluosul" {chaos, rElec} (You
                  | bought it in a shop on level 5 of the Dungeon)
  5775 | D:5      | Found an ancient bone altar of Kikubaaqudgha.
  5943 | D:6      | Reached skill level 5 in Short Blades
  6044 | D:6      | Found a staircase to the Ecumenical Temple.
  6087 | D:6      | Reached skill level 5 in Dodging
  6238 | D:6      | Found a bloodstained altar of Trog.
  6241 | D:6      | Reached ** piety under Ashenzari
  6513 | D:6      | Reached skill level 1 in Fighting
  6757 | D:7      | Learned a level 4 spell: Hailstorm
  6771 | D:7      | Reached skill level 5 in Polearms
  6771 | D:7      | Reached XP level 9. HP: 59/59 MP: 14/14
  7029 | D:7      | Reached skill level 5 in Stealth
  7259 | D:7      | Reached skill level 1 in Conjurations
  7355 | D:7      | Found a white marble altar of Elyvilon.
  7515 | D:7      | Noticed a -3 dagger
  7516 | D:7      | Found a hide-covered altar of Uskayaw.
  7516 | D:7      | Noticed a +0 hand axe
  7810 | D:7      | Found a sparkling altar of Nemelex Xobeh.
  8596 | D:8      | Learned a level 4 spell: Summon Ice Beast
  8804 | D:8      | Reached skill level 1 in Summonings
  9072 | D:8      | Reached XP level 10. HP: 64/68 MP: 11/16
  9492 | D:9      | Noticed a two-headed ogre
  9507 | D:9      | Killed a two-headed ogre
  9531 | D:9      | Reached *** piety under Ashenzari
  9549 | D:9      | Found a shadowy altar of Dithmenos.
  9758 | D:9      | Found a staircase to the Orcish Mines.
 10166 | D:9      | Reached skill level 10 in Polearms
 10287 | D:9      | Found a snail-covered altar of Cheibriados.
 10341 | D:10     | Entered Level 10 of the Dungeon
 10400 | D:10     | Found a staircase to the Lair.
 10472 | D:10     | Identified a scroll of acquirement
 10472 | D:10     | Acquired a Fen Folio
 10510 | D:10     | Noticed a mana viper
 10510 | D:10     | a hippogriff changed into a mana viper
 10515 | D:10     | Killed a mana viper
 10515 | D:10     | Reached skill level 10 in Ice Magic
 10877 | D:10     | Noticed Grum
 10893 | D:10     | Killed Grum
 11241 | D:11     | Reached XP level 11. HP: 74/74 MP: 17/17
 11416 | D:11     | Found Pan Isim's Armour Shop.
 11436 | D:11     | Bought the +1 robe "Optoh" {rPois Str+4} for 379 gold
                  | pieces
 11663 | Lair:1   | Entered Level 1 of the Lair of Beasts
 11882 | Lair:1   | Reached **** piety under Ashenzari
 11907 | Lair:1   | Noticed Harold
 11923 | Lair:1   | Killed Harold
 12373 | Lair:1   | Reached skill level 5 in Spellcasting
 12681 | Lair:1   | Reached skill level 5 in Summonings
 13262 | Lair:2   | Learned a level 5 spell: Metabolic Englaciation
 13326 | Lair:2   | Reached skill level 1 in Throwing
 13326 | Lair:2   | Reached skill level 1 in Hexes
 13557 | Lair:2   | Found a hazy altar of Hepliaklqana.
 13636 | Lair:2   | Reached skill level 5 in Fighting
 13859 | Lair:2   | Reached XP level 12. HP: 81/86 MP: 16/20
 14748 | Lair:3   | Noticed a five-headed hydra
 14764 | Lair:3   | Killed a five-headed hydra
 14889 | Lair:3   | Found a staircase to the Swamp.
 14941 | Lair:3   | Noticed Nergalle
 14957 | Lair:3   | Killed Nergalle
 15089 | Lair:3   | Noticed an eight-headed hydra
 15103 | Lair:3   | Killed an eight-headed hydra
 15710 | Lair:4   | Noticed a six-headed hydra
 15710 | Lair:4   | Noticed a five-headed hydra
 15728 | Lair:4   | Killed a five-headed hydra
 15913 | Lair:4   | Found a transporter.
 15918 | Lair:4   | Noticed Quyjis's ghost (journeyman DDGl)
 15919 | Lair:4   | Identified the amulet "Wushrogo" {Faith MP+9 Int+3}
 15938 | Lair:4   | Noticed a six-headed hydra
 16049 | Lair:4   | Reached ***** piety under Ashenzari
 16319 | Lair:4   | Reached XP level 13. HP: 87/95 MP: 22/22
 16367 | Lair:4   | Reached skill level 5 in Throwing
 16367 | Lair:4   | Reached skill level 10 in Dodging
 16494 | Lair:4   | Found a transporter.
 16624 | Lair:4   | Found a hole to the Spider Nest.
 16921 | Lair:5   | Found a radiant altar of Vehumet.
 17339 | Lair:5   | Found a staircase to the Slime Pits.
 18838 | D:12     | Reached skill level 1 in Shields
 19197 | D:13     | Found Qusyh's Pet Rocks.
 19264 | D:13     | Bought a wand of digging (2) for 204 gold pieces
 19485 | D:13     | Noticed Snorg
 19526 | D:13     | Killed Snorg
 19568 | D:13     | Found Touwnouj's Jewellery Shop.
 19801 | D:13     | Found a gate to the Vaults.
 19801 | D:13     | Noticed a vault guard
 19999 | D:13     | Reached skill level 10 in Stealth
 20083 | D:13     | Killed a vault guard
 20287 | D:13     | Found a shadowy altar of Dithmenos.
 20494 | D:13     | Reached XP level 14. HP: 106/106 MP: 25/25
 20988 | D:13     | Found Tulir's Distillery.
 20997 | D:13     | Bought a potion of haste for 100 gold pieces
 20997 | D:13     | Bought a potion of heal wounds for 50 gold pieces
 21154 | D:13     | Identified Beosugho's Compendium of Combat Magic
 21431 | Orc:1    | Entered Level 1 of the Orcish Mines
 21643 | Orc:1    | Learned a level 5 spell: Yara's Violent Unravelling
 21972 | Orc:2    | Entered Level 2 of the Orcish Mines
 22310 | Orc:2    | Found a roughly hewn altar of Beogh.
 22315 | Orc:2    | Found Goghat Zeu's Weapon Emporium.
 22430 | Orc:2    | Found a roughly hewn altar of Beogh.
 22549 | Orc:2    | Found a roughly hewn altar of Beogh.
 22552 | Orc:2    | Found Line's Gadget Emporium.
 22878 | Orc:2    | Found a staircase to the Elven Halls.
 23029 | Orc:2    | Found a roughly hewn altar of Beogh.
 23158 | Orc:2    | Found a roughly hewn altar of Beogh.
 23158 | Orc:2    | Found Waxybe's Antique Armour Shoppe.
 23158 | Orc:2    | Found Cutiph's Antique Weapon Emporium.
 23158 | Orc:2    | Noticed an orc warlord
 23298 | Orc:2    | Killed an orc warlord
 23663 | Orc:2    | Bought a pair of runed gloves for 270 gold pieces
 23663 | Orc:2    | Bought a pair of embroidered boots for 270 gold pieces
 23758 | Orc:2    | Found a roughly hewn altar of Beogh.
 23780 | Orc:2    | Found a roughly hewn altar of Beogh.
 24515 | D:14     | Reached skill level 10 in Fighting
 24977 | D:14     | Found a shattered altar of Ashenzari.
 25537 | D:14     | Reached skill level 5 in Shields
 25773 | D:15     | Entered Level 15 of the Dungeon
 26442 | D:15     | Reached ****** piety under Ashenzari
 26452 | D:15     | Identified the ring "Saatol" {rPois rCorr Int+4}
 26520 | D:15     | Reached XP level 15. HP: 117/117 MP: 26/28
 26527 | D:15     | Learned a level 5 spell: Irradiate
 26586 | D:15     | Found Lielug's Magic Scroll Boutique.
 26605 | D:15     | Reached skill level 1 in Transmutations
 26714 | D:15     | Bought a scroll of remove curse for 42 gold pieces
 27052 | D:15     | Found a staircase to the Depths.
 27070 | D:15     | HP: 5/117 [yaktaur/bolt (39)]
 28174 | Swamp:1  | Entered Level 1 of the Swamp
 28364 | Swamp:1  | Reached skill level 5 in Transmutations
 28673 | Swamp:1  | Noticed Kirke
 28691 | Swamp:1  | Killed Kirke
 28758 | Swamp:1  | Paralysed by a hornet for 1 turns
 29768 | Swamp:1  | Noticed a thorn hunter
 30369 | Swamp:1  | Killed a thorn hunter
 30773 | Swamp:2  | Found a radiant altar of Vehumet.
 30773 | Swamp:2  | Noticed Aizul
 30791 | Swamp:1  | Killed Aizul
 31308 | Swamp:2  | Learned a level 3 spell: Stone Arrow
 31667 | Swamp:2  | Identified the +3 leather armour of Lainnat {rPois Str+3
                  | Dex-5}
 31667 | Swamp:2  | Identified the +1 robe of Howling Wind {Str+2} (You found
                  | it on level 2 of the Lair of Beasts)
 32749 | Swamp:3  | Reached XP level 16. HP: 90/125 MP: 18/29
 33211 | Swamp:3  | Noticed a thorn hunter
 33211 | Swamp:3  | a shambling mangrove changed into a thorn hunter
 33219 | Swamp:3  | Killed a thorn hunter
 33648 | Swamp:4  | Entered Level 4 of the Swamp
 33649 | Swamp:4  | Noticed a thorn hunter
 33672 | Swamp:4  | Killed a thorn hunter
 34194 | Swamp:4  | HP: 3/125 [swamp worm (11)]
 34194 | Swamp:4  | Mangled by a shambling mangrove

Illustrated notes

Levels and vault maps discovered:
D:1:      minmay_arrival_hallway, layout_basic, ashenzari_altar_1
D:2:      layout_loops_ring, lemuel_round_altar, uniq_robin
D:3:      wander_river, layout_basic, nicolae_gozag_seed_capital,
          minmay_overflow_temple_star_quad, lemuel_round_altar,
          gup_sewer_entry_bubbles
D:4:      layout_cave_pools, kennysheep_generic_room_12
D:5:      layout_basic, lemuel_zombie_altar_kikubaaqudgha, serial_shops, shop,
          uniq_sigmund
D:6:      layout_rooms, minmay_temple_entry_ruins, basic_altar, lightli_minifort
D:7:      layout_layer_cave, dancing_weapons_uskayaw, elyvilon_altar_1,
          nemelex_xobeh_ov_fountains_minmay
D:8:      layout_cave_pools
D:9:      layout_roguey, slow_altar_2, lemuel_round_altar, orc_0_dummy
D:10:     layout_irregular_city, lair_entry_dummy, uniq_grum
D:11:     layout_rooms, serial_shops, nicolae_shop_trees
D:12:     layout_small_grid
D:13:     layout_gridville, grunt_vaults_entry_tiered, basic_altar,
          serial_shops, nicolae_shop_stone,
          nicolae_shop_temple_entry_statues_fountains, guppyfry_shop_earth,
          uniq_snorg
D:14:     layout_gridville, minmay_misc_feat_tower, basic_altar,
          chequers_serial_rivers_micro_b
D:15:     grunt_enter_depths_snipers, layout_stronghold, serial_glass,
          glass_columns_a, glass_columns_b, glass_columns_c, serial_shops,
          shop_statue
Lair:1:   layout_layer_cave, nicolae_quartered_pool_super, uniq_harold
Lair:2:   layout_layer_cave, basic_altar, serial_bayou_pond_a
Lair:3:   layout_misc_corridors, minmay_swamp_entry_reptiles, uniq_nergalle
Lair:4:   layout_cave_pods, spider_nest_entry_a,
          gammafunk_ghost_berserking_beasts, lemuel_fruit_fields
Lair:5:   layout_layer_cave, nicolae_slime_entry_slimehenge, basic_altar,
          infiniplex_staircase_pool_2, grunt_megastairs_2
Swamp:1:  layout_falls_marsh, evilmike_swamp_ruin_wall, swamp_pool3, uniq_kirke
Swamp:2:  layout_basic_swamp, basic_altar, infiniplex_staircase_pool, uniq_aizul
Swamp:3:  layout_falls_marsh, evilmike_swamp_ruin_house_4
Swamp:4:  swamp_basic_johnstein, layout_basic_swamp
Orc:1:    layout_diamond_mine
Orc:2:    grunt_orc_community_town_hall, layout_caves,
          grunt_orc_community_big_house_1, grunt_orc_community_big_house_2,
          grunt_orc_community_house_1, grunt_orc_community_house_1,
          grunt_orc_community_house_3, grunt_orc_community_house_1,
          grunt_orc_community_house_3, grunt_orc_community_house_3

Skill      XL: |  1  2  3  4  5  6  7  8  9 10 11 12 13 14 15 16 |
---------------+-------------------------------------------------+-----
Ice Magic      | 5 6 7 8 9 10 | 10.7
Short Blades   | 2 3 4 5 |  5.8
Polearms       | 1 2 3 5 8 11 12 13 | 13.1
Dodging        | 3 4 5 6 8 9 10 11 12 | 12.8
Stealth        | 3 4 5 6 8 10 11 13 | 13.1
Spellcasting   | 3 4 5 6 7 9 |  9.7
Fighting       | 1 2 5 6 8 10 11 | 11.3
Conjurations   | 2 4 |  4.6
Summonings     | 1 4 5 |  5.1
Throwing       | 2 4 6 7 |  7.8
Hexes          | 2 4 |  4.2
Shields        | 4 5 |  5.5
Transmutations | 7 |  7.5

Action                   |  1- 3 |  4- 6 |  7- 9 | 10-12 | 13-15 | 16-18 || total
-------------------------+-------+-------+-------+-------+-------+-------++-------
Melee: Unarmed           |     1 |       |       |       |       |       ||     1
       Trident           |       |   108 |   216 |   380 |  1134 |    77 ||  1915
       Dagger            |       |     1 |       |       |       |       ||     1
       Tailslap          |       |     4 |       |     1 |    44 |     8 ||    57
Throw: Dart              |       |     7 |    12 |    12 |     6 |       ||    37
 Cast: Freeze            |    56 |    29 |     4 |     1 |     5 |       ||    95
       Frozen Ramparts   |     1 |    19 |    23 |    32 |    64 |     1 ||   140
       Ozocubu's Armour  |       |     1 |     8 |    14 |    23 |       ||    46
       Summon Ice Beast  |       |       |       |     1 |    28 |     3 ||    32
       Hailstorm         |       |       |       |    10 |    26 |     2 ||    38
       Metabolic Englaci |       |       |       |     4 |    52 |     3 ||    59
       Stone Arrow       |       |       |       |       |     5 |     3 ||     8
       Yara's Violent Un |       |       |       |       |     2 |       ||     2
       Irradiate         |       |       |       |       |     1 |       ||     1
Invok: Curse Item        |     1 |     1 |     1 |     2 |     3 |       ||     8
       Scrying           |       |       |       |     1 |     3 |       ||     4
Evoke: Wand              |       |       |       |     3 |     6 |       ||     9
  Use: Scroll            |       |    16 |     6 |     7 |    15 |     1 ||    45
       Potion            |       |       |       |     1 |     4 |     1 ||     6
 Stab: Sleeping          |       |    15 |    13 |    23 |    39 |     4 ||    94
       Confused          |       |       |     2 |     1 |    10 |       ||    13
       Paralysed         |       |       |     2 |       |    22 |     2 ||    26
       Distracted        |       |       |     1 |     5 |    10 |     1 ||    17
       Petrified         |       |       |       |     3 |     1 |       ||     4
       Petrifying        |       |       |       |       |     4 |       ||     4
Armor: Robe              |    12 |    25 |    42 |    34 |    81 |     3 ||   197
Dodge: Dodged            |    29 |    64 |   133 |   157 |   454 |    27 ||   864
Block: Buckler           |       |       |       |       |   197 |    15 ||   212

Table legend: (Time is in decaauts)
 A = Elapsed time spent in this place.
 B = Non-inter-level travel time spent in this place.
 C = Inter-level travel time spent in this place.
 D = Time resting spent in this place.
 E = Time spent auto-exploring this place.
 F = Levels seen in this place.
 G = Mean time per level.
                   A        B        C        D        E       F      G
               +--------+--------+--------+--------+--------+-----+--------+
         Total |  33133 |  31116 |   2017 |  10527 |  14238 |  27 | 1227.1 |
       Dungeon |  18031 |  16591 |   1440 |   5213 |   7670 |  15 | 1202.1 |
          Lair |   6505 |   6105 |    400 |   1180 |   3991 |   5 | 1301.0 |
         Swamp |   5362 |   5281 |     81 |   3096 |   1370 |   4 | 1340.5 |
  Orcish Mines |   2868 |   2773 |     95 |   1010 |   1030 |   2 | 1434.0 |
         Sewer |    365 |    365 |      0 |     27 |    176 |   1 |  365.0 |
               +--------+--------+--------+--------+--------+-----+--------+

Top non-repeatable levels by time:
 Swamp:1: 2680 daAuts
    D:13: 2556 daAuts
   Orc:2: 2056 daAuts
    D:15: 1742 daAuts
 Swamp:3: 1742 daAuts
     D:7: 1740 daAuts
  Lair:1: 1606 daAuts
  Lair:2: 1553 daAuts
     D:5: 1373 daAuts
    D:14: 1237 daAuts
  Lair:4: 1206 daAuts
  Lair:3: 1129 daAuts
     D:1: 1124 daAuts
    D:12: 1098 daAuts
     D:3: 1046 daAuts
